 Dungeon Crawl Stone Soup version 0.19-a0-1254-gb9c29c0 (webtiles) character file.

103 JustSomeDude the Skirmisher (level 4, -9/35 HPs)
             Began as a Demonspawn Fighter on Aug 27, 2016.
             Mangled by an iguana (11 damage)
             ... on level 5 of the Dungeon.
             The game lasted 00:04:50 (1495 turns).

JustSomeDude the Skirmisher (Demonspawn Fighter)    Turns: 1495, Time: 00:04:51

Health: -9/35      AC:  6    Str: 15 (17) XL:     4   Next: 51%
Magic:  0/4        EV: 12    Int:  7 (9)  God:
Gold:   102        SH:  9    Dex: 16 (18) Spells: 0 memorised, 3 levels left

rFire  . . .     SeeInvis .     a - +0 trident
rCold  . . .     Gourm    .     b - +0 scale mail
rNeg   . . .     Faith    .     c - +0 shield
rPois  .         Spirit   +     (helmet restricted)
rElec  .         Dismiss  .     (no cloak)
rCorr  .         Reflect  .     (no gloves)
MR     .....     Harm     .     (no boots)
Stlth  +.........               (no amulet)
                                (no ring)
                                (no ring)

@: agile
A: horns 1, magic shield
a: no special abilities


You were on level 5 of the Dungeon.
You were not hungry.

You visited 1 branch of the dungeon, and saw 5 of its levels.

You collected 102 gold pieces.

Inventory:

Hand Weapons
 a - a +0 trident (weapon)
Missiles
 e - 6 tomahawks (quivered)
Armour
 b - a +0 scale mail (worn)
 c - a +0 shield (worn)
Scrolls
 g - a scroll of random uselessness {unknown}
 h - a scroll of remove curse {unknown}
 i - 2 scrolls of identify {unknown}
 j - a scroll of fog {unknown}
 l - a scroll of fear {unknown}
 m - a scroll of blinking {unknown}
 o - a scroll of recharging {unknown}
Comestibles
 d - 6 chunks of flesh
 f - a bread ration


   Skills:
 + Level 3.5 Fighting
 + Level 2.2 Polearms
 + Level 3.3 Armour
 + Level 1.0 Dodging
 + Level 0.6 Stealth
 + Level 3.3 Shields


You had 3 spell levels left.
You didn't know any spells.

Dungeon Overview and Level Annotations

Branches:
Dungeon (5/15)
 Temple: D:4-7

Altars:
Cheibriados

Annotations:
D:3 Sigmund


Innate Abilities, Weirdness & Mutations

You have a pair of small horns on your head.
When hurt, damage is shared between your health and your magic reserves.


Message History

You headbutt the iguana, but do no damage.
The iguana is moderately wounded.
The iguana bites you.
You hear some strange, mumbled words.
Something tries to affect you, but you resist.
The iguana bites you but does no damage.
You hit the iguana.
The iguana is heavily wounded.
Something barely misses you. You block the iguana's attack.
Something hits you but does no damage.
You hit the iguana but do no damage.
You headbutt the iguana, but do no damage.
The iguana is heavily wounded.
The iguana bites you!
* * * LOW HITPOINT WARNING * * *
Something hits you but does no damage.
You hit the iguana but do no damage. Your headbutt misses the iguana.
The iguana is heavily wounded.
The iguana bites you!
You die...

.# .# .# .#
.# .# ##l##
##@..#
#<#.#.#
#...........#
#.#...###.#.#
#..#. ## #..
# #.. ...
....


You could see an iguana.

Vanquished Creatures
  A worker ant (D:4)
  3 adders (D:2)
  An ooze (D:2)
  A worm (D:2)
  3 dart slugs
  The ghost of 4thArraOfDagon the Firebug, a weakling DEFE (D:3)
  2 orcs (D:5)
  3 giant cockroaches
  7 hobgoblins
  A jackal (D:3)
  A ball python (D:1)
  4 bats
  A giant gecko skeleton (D:4)
  3 giant newts
  A goblin (D:1)
  4 kobolds
  3 rats
40 creatures vanquished.

Notes
Turn   | Place    | Note
-------+----------+-------------------------------------------
     0 | D:1      | JustSomeDude the Demonspawn Fighter began the quest for the Orb.
     0 | D:1      | Reached XP level 1. HP: 18/18 MP: 1/1
   122 | D:1      | Gained mutation: You have a pair of small horns on your head. [demonic ancestry]
   122 | D:1      | Reached XP level 2. HP: 24/24 MP: 2/2
   473 | D:2      | Reached XP level 3. HP: 14/29 MP: 3/3
   884 | D:3      | Noticed 4thArraOfDagon's ghost (weakling DEFE)
   891 | D:3      | Killed 4thArraOfDagon's ghost
   901 | D:3      | Noticed Sigmund
  1223 | D:2      | Found a snail-covered altar of Cheibriados.
  1292 | D:2      | Reached skill level 1 in Dodging
  1323 | D:2      | Gained mutation: When hurt, damage is shared between your health and your magic reserves. [demonic ancestry]
  1323 | D:2      | Reached XP level 4. HP: 27/35 MP: 4/4
  1478 | D:5      | Entered Level 5 of the Dungeon
  1495 | D:5      | Mangled by an iguana

Vault maps used:
D:1:      lemuel_arrival_rhombus
D:2:      kennysheep_slug_shrine, kennysheep_flooded_box
D:3:      old_standard_altar, first_bread, minmay_misc_feat_plants,
          grunt_gozag_breadcrumbs, uniq_sigmund
D:4:      minivault_1
D:5:      serial_shops, shop

Skill      XL: |  1  2  3 |
---------------+----------+-----
Polearms       | 2 |  2.2
Shields        | 3 |  3.3
Armour         | 3 |  3.3
Dodging        | 1 |  1.0
Fighting       | |  3.5
Stealth        | |  0.6

Action                   |  1- 3 |  4- 6 || total
-------------------------+-------+-------++-------
Melee: Trident           |   129 |    25 ||   154
       Headbutt          |    12 |     6 ||    18
  Use: Potion            |     2 |     2 ||     4
  Eat: Bread ration      |     1 |       ||     1
Armor: Scale mail        |    48 |     9 ||    57
Dodge: Dodged            |    33 |     8 ||    41
Block: Shield            |    55 |    15 ||    70
